 Dungeon Crawl Stone Soup version 0.30.0-19-g36f170ea60 (webtiles) character file.

Game seed: 17937208311706970886

291 PriceMaster the Magician (level 6, -1/38 HPs)
             Began as an Octopode Transmuter on May 26, 2023.
             Slain by a gnoll bouda
             ... wielding a +0 club
              (7 damage)
             ... on level 4 of the Dungeon.
             The game lasted 00:07:44 (3187 turns).

PriceMaster the Magician (Octopode Transmuter)      Turns: 3187, Time: 00:07:46

Health: -1/38      AC:  5    Str: 11    XL:     6   Next: 32%
Magic:  9/11       EV: 14    Int: 16    God:
Gold:   26         SH:  0    Dex: 18    Spells: 9/12 levels left

rFire   + . .        f - +2 quarterstaff (chaos)
rCold   . . .        (shield currently unavailable)
rNeg    . . .        (helmet currently unavailable)
rPois   .            b - amulet of faith
rElec   .            d - +4 ring of protection
rCorr   .            h - ring of protection from fire
SInv    .            j - +6 ring of dexterity
Will    .....        (no ring)
Stlth   +++          (no ring)
HPRegen 0.26/turn    (no ring)
MPRegen 0.12/turn    (no ring)
                     (no ring)

%: faith
@: appendages, weakened, wereblooded
A: tentacle spike 3, almost no armour, amphibious, 8 rings, camouflage 1,
gelatinous body 1, (nimble swimmer 1), tentacles
a: End Transformation


You were on level 4 of the Dungeon.
One of your tentacles had grown a beastly spike.
You visited 1 branch of the dungeon, and saw 4 of its levels.

You collected 110 gold pieces.
You spent 84 gold pieces at shops.

Inventory:

Hand Weapons
 c - a +0 whip
 e - a +0 dagger of venom
 f - a +2 quarterstaff of chaos (weapon)
 i - a +0 dagger of speed
 r - a +2 sling of freezing
Jewellery
 b - an amulet of faith (around mantle)
 d - a +4 ring of protection (left tentacle)
 h - a ring of protection from fire (right tentacle)
 j - a +6 ring of dexterity (on tentacle)
Scrolls
 p - a scroll of fear
 s - a scroll of enchant armour
Potions
 a - 2 potions of lignification
 g - 4 potions of curing
 m - a potion of cancellation
 t - a potion of ambrosia


   Skills:
 + Level 1.3 Fighting
 + Level 0.6 Short Blades
 + Level 1.2 Staves
 + Level 0.9 Ranged Weapons
 + Level 2.4 Dodging
 + Level 1.8 Stealth
 + Level 3.5 Unarmed Combat
 + Level 3.9 Spellcasting
 + Level 3.5 Transmutations


You had 9 spell levels left.
You knew the following spells:

 Your Spells              Type           Power      Damage    Failure   Level
a - Beastly Appendage     Tmut           28%        N/A       4%          1
b - Wereblood             Tmut           14%        N/A       6%          2

Your spell library contained the following spells:

 Spells                   Type           Power      Damage    Failure   Level
 Spider Form              Tmut/Pois      8%         N/A       26%         3
 Ice Form                 Ice/Tmut       8%         N/A       63%         4


Dungeon Overview and Level Annotations

Branches:
Dungeon (4/15)
 Temple: D:4-7

Altars:
Fedhas
Hepliaklqana
Yredelemnul

Shops:
D:3 !

Annotations:
D:3 3 runed translucent doors, BlasphemerAmon's ghost, amateur GnRe


Innate Abilities, Weirdness & Mutations

One of your tentacles has grown a beastly spike.
You cannot wear most types of armour.
You are amphibious.
You can wear up to eight rings at the same time.
Your skin changes colour to match your surroundings (Stealth+).
Your rubbery body absorbs attacks. (AC +1, EV +1)
((You are camouflaged when in or above water. (Stealth+)))
You have tentacles for arms and can constrict up to eight enemies at once.


Message History

Your blood is infused with primal strength.
The gnoll hits you from afar with a +0 spear.
The gnoll bouda barks out a call to the hunt!
The gnoll picks up the pace!
The gnoll hits you from afar with a +0 halberd!
The gnoll bouda hits you with a +0 club.
The gnoll hits you with a +0 spear.
* * * LOW HITPOINT WARNING * * *
You barely miss the gnoll. Your grab misses the gnoll.
You pierce the gnoll.
The gnoll is moderately wounded.
The gnoll closely misses you.
The gnoll bouda gazes fiercely through you!
You feel your attacks grow feeble. The gnoll bouda closely misses you.
The gnoll hits you with a +0 spear.
* * * LOW HITPOINT WARNING * * *
Okay, then.
The gnoll bouda attacks as you move away!
The gnoll bouda closely misses you. The gnoll completely misses you.
You feel better.
The gnoll bouda hits you with a +0 club.
The gnoll barely misses you. The gnoll closely misses you.
You hit the gnoll bouda.
The gnoll bouda is poisoned.
You grab the gnoll bouda.
You pierce the gnoll bouda.
You squeeze the gnoll bouda, but do no damage.
The gnoll bouda is moderately wounded.
You constrict the gnoll bouda, but do no damage.
The gnoll bouda gazes fiercely through you!
You feel as though you will be weak longer.
The gnoll bouda hits you with a +0 club.
* * * LOW HITPOINT WARNING * * *
The gnoll closely misses you.
The gnoll hits you from afar with a +0 halberd.
* * * LOW HITPOINT WARNING * * *
You hit the gnoll bouda.
You feel better.
You pierce the gnoll bouda, but do no damage.
You squeeze the gnoll bouda, but do no damage.
The gnoll bouda is moderately wounded.
You constrict the gnoll bouda. The gnoll misses you.
The gnoll bouda hits you with a +0 club!
You die...

###....................
#.#................†##.
........>..........###
..#.................# #
#.........†........###
#.J.......††.....##
#gg......)........
#g#g.....<........
#@##..............
#..##.............
##..####..........
..#........#....
#.#..#....##....
....###........ .##
###...##. ## #...#..


You could see a gnoll bouda (very poisoned), a jelly and 2 gnolls.

Vanquished Creatures
  A scorpion (D:3)
  A hound (D:4)
  Crazy Yiuf (D:2)
  Jessica (D:3)
  7 adders
  A gnoll (D:4)
  2 worms
  3 dart slugs (D:2)
  6 orcs
  6 bats
  4 endoplasms
  3 giant cockroaches
  6 hobgoblins
  2 jackals (D:1)
  A quokka (D:1)
  3 ball pythons
  7 frilled lizards
  3 goblins
  6 kobolds
  6 rats
70 creatures vanquished.

Notes
Turn   | Place    | Note
-------+----------+-------------------------------------------
     0 | D:1      | PriceMaster the Octopode Transmuter began the quest for the
                  | Orb.
     0 | D:1      | Reached XP level 1. HP: 13/13 MP: 3/3
   194 | D:1      | Reached XP level 2. HP: 17/18 MP: 3/5
   488 | D:1      | Learned a level 2 spell: Wereblood
   862 | D:2      | Reached XP level 3. HP: 19/23 MP: 2/6
  1288 | D:2      | Found a faded altar of an unknown god.
  1419 | D:2      | Reached XP level 4. HP: 28/28 MP: 4/8
  1657 | D:2      | Found a runed translucent door.
  1658 | D:2      | Noticed Crazy Yiuf
  1807 | D:2      | Killed Crazy Yiuf
  2056 | D:3      | Found a blossoming altar of Fedhas.
  2091 | D:3      | Found a runed translucent gate.
  2091 | D:3      | Found a runed translucent gate.
  2091 | D:3      | Found a runed translucent gate.
  2192 | D:3      | Found Mumisch's Distillery.
  2202 | D:3      | Bought a potion of curing for 42 gold pieces
  2202 | D:3      | Bought a potion of curing for 42 gold pieces
  2224 | D:3      | Reached XP level 5. HP: 33/33 MP: 4/9
  2226 | D:3      | Noticed Jessica
  2237 | D:3      | Killed Jessica
  2238 | D:3      | Reached skill level 1 in Stealth
  2441 | D:3      | Reached XP level 6. HP: 38/38 MP: 8/11
  2693 | D:3      | Noticed BlasphemerAmon's ghost (amateur GnRe)
  2788 | D:3      | Found a basalt altar of Yredelemnul.
  2788 | D:3      | Found a hazy altar of Hepliaklqana.
  3047 | D:4      | Reached skill level 1 in Staves
  3187 | D:4      | Slain by a gnoll bouda

Illustrated notes

Levels and vault maps discovered:
D:1:      sevenhm_arrival_forest_fort_small_6, layout_rooms,
          chequers_serial_rivers_marsh
D:2:      layout_basic, ebering_ecumenical_altar_hall, minmay_crystal_room,
          minmay_pentomino_x4, uniq_crazy_yiuf_cottage
D:3:      layout_basic, fedhas_altar_3, amethyst_overflow_temple_binary,
          gammafunk_ghost_icy, serial_shops, nicolae_shop_window_shopping,
          uniq_jessica
D:4:      layout_cave_pools, zin_scriptorium

Skill      XL: |  1  2  3  4  5  6 |
---------------+-------------------+-----
Spellcasting   | 3 |  3.9
Transmutations | 3 |  3.5
Stealth        | 1 |  1.8
Staves         | 1 |  1.2
Fighting       | |  1.3
Short Blades   | |  0.6
Ranged Weapons | |  0.9
Dodging        | |  2.4
Unarmed Combat | |  3.5

Action                     |  1- 3 |  4- 6 || total
---------------------------+-------+-------++-------
  Melee: Unarmed           |     8 |       ||     8
         Constrict         |    21 |    15 ||    36
         Dagger            |    58 |    16 ||    74
         Kick              |    24 |    19 ||    43
         Tentacles         |    12 |    12 ||    24
         Punch             |     4 |     4 ||     8
         Whip              |     1 |       ||     1
         Quarterstaff      |       |    50 ||    50
   Fire: Sling             |       |    15 ||    15
   Cast: Beastly Appendage |    21 |    23 ||    44
         Wereblood         |    11 |    20 ||    31
    Use: Potion            |     1 |     4 ||     5
         Scroll            |       |    11 ||    11
   Stab: Sleeping          |     2 |     4 ||     6
 Armour: Skin              |     6 |    18 ||    24
  Dodge: Dodged            |    45 |    61 ||   106
